 Dungeon Crawl Stone Soup version 0.29.1-15-g9cfb28693d (webtiles) character file.

Game seed: 2197888625841721810

606 javelincjr the Magician (level 7, -5/52 HPs)
             Began as a Demonspawn Hedge Wizard on Apr 5, 2023.
             Was a Believer of Kikubaaqudgha.
             Killed by divine providence
             ... invoked by an orc priest
              (9 damage)
             ... on level 3 of the Dungeon.
             The game lasted 00:21:47 (3982 turns).

javelincjr the Magician (Demonspawn Hedge Wizard)   Turns: 3982, Time: 00:21:47

Health: -5/52      AC:  5    Str: 12    XL:     7   Next: 19%
Magic:  2/13       EV: 12    Int: 19    God:    Kikubaaqudgha [**....]
Gold:   195        SH:  0    Dex: 13    Spells: 6/14 levels left

rFire   . . .      SeeInvis .   o - +2 dagger (venom)
rCold   . . .      Faith    .   (no shield)
rNeg    . . .      Spirit   .   b - +0 robe
rPois   .          Reflect  .   c - +0 hat
rElec   .          Harm     .   (no cloak)
rCorr   .          Rampage  .   j - +2 pair of gloves
Will    .....                   (no boots)
Stlth   ++........              (no amulet)
HPRegen 0.17/turn               (no ring)
MPRegen 0.13/turn               (no ring)

@: very slightly contaminated
A: big brain 2, weakness stinger 1
a: Renounce Religion, Unearth Wretches


You were on level 3 of the Dungeon.
You worshipped Kikubaaqudgha.
Kikubaaqudgha was pleased with you.
You visited 1 branch of the dungeon, and saw 3 of its levels.
You also visited: Sewer.

You collected 195 gold pieces.

Inventory:

Hand Weapons
 a - a +0 dagger
 g - a +0 dagger of draining
 o - a +2 dagger of venom (weapon)
Armour
 b - a +0 robe (worn)
 c - a +0 hat (worn)
 j - a +2 pair of gloves (worn)
Jewellery
 k - a ring of magical power
Scrolls
 f - 5 scrolls of identify {unknown}
 l - a scroll of enchant weapon {unknown}
 m - 2 scrolls of teleportation {unknown}
 n - a scroll of poison {unknown}
 p - a scroll of silence {unknown}
 q - a scroll of enchant armour {unknown}
 t - a scroll of noise {unknown}
Potions
 d - a potion of magic
 e - 2 potions of mutation {unknown}
 h - 4 potions of might {unknown}
 i - 2 potions of curing
 r - a potion of heal wounds
 s - 2 potions of flight


   Skills:
 * Level 3.0 Fighting
 + Level 2.7 Dodging
 + Level 2.9 Stealth
 * Level 4.3 Spellcasting
 + Level 2.3 Conjurations
 + Level 2.5 Summonings
 * Level 2.2 Necromancy
 + Level 2.3 Translocations


You had 6 spell levels left.
You knew the following spells:

 Your Spells              Type           Power      Damage    Failure   Level
a - Magic Dart            Conj           52%        1d5       4%          1
b - Call Imp              Summ           13%        N/A       7%          2
c - Blink                 Tloc           26%        N/A       8%          2
d - Vampiric Draining     Necr           12%        2d6       16%         3

Your spell library contained the following spells:

 Spells                   Type           Power      Damage    Failure   Level
 Summon Small Mammal      Summ           52%        N/A       4%          1
 Necrotise                Necr           48%        1d6       5%          1
 Slow                     Hex            16%        N/A       13%         1
 Gell's Gravitas          Tloc           13%        N/A       16%         3
 Lesser Beckoning         Tloc           13%        N/A       16%         3
 Teleport Other           Tloc           13%        N/A       16%         3
 Conjure Flame            Conj/Fire      8%         6-21      24%         3
 Portal Projectile        Hex/Tloc       16%        N/A       24%         3
 Mephitic Cloud           Conj/Pois/Air  7%         N/A       28%         3
 Tukima's Dance           Hex            4%         N/A       36%         3
 Animate Dead             Necr           12%        N/A       45%         4
 Iskenderun's Mystic Bla  Conj/Tloc      13%        2d5       45%         4
 Anguish                  Hex/Necr       4%         N/A       63%         4
 Fulminant Prism          Conj/Hex       4%         3d6       63%         4
 Blade Hands              Tmut           2%         N/A       98%         5
 Lee's Rapid Deconstruct  Erth           2%         3d5*      98%         5


Dungeon Overview and Level Annotations

Branches:
Dungeon (3/15)              Sewer (visited)

Altars:
Kikubaaqudgha


Innate Abilities, Weirdness & Mutations

You have an extremely huge brain. (Int +4)
You have a small tail.


Message History

Press: ? - help, Shift-Dir - straight line, f - orc priest
Aim: an orc priest, wielding a +0 club and wearing a +0 leather armour You miscast Vampiric Draining.
You are very lightly contaminated with residual magic.
Nothing appears to happen.
The orc priest hits you but does no damage.
Casting: Vampiric Draining (dangerous; 16% risk of failure)
Confirm with . or Enter, or press ? or * to list all spells.
Aiming: Vampiric Draining (dangerous; 16% risk of failure)
Press: ? - help, Shift-Dir - straight line, f/p - orc priest
Aim: an orc priest, wielding a +0 club and wearing a +0 leather armour You draw life force from the orc priest.
You feel life coursing into your body. The orc priest hits you with a +0 club.
You hit the orc priest but do no damage.
The orc priest is lightly wounded.
The orc priest hits you with a +0 club.
You hit the orc priest but do no damage.
The orc priest is lightly wounded.
The orc priest barely misses you.
You closely miss the orc priest.
The orc priest is lightly wounded.
The orc priest invokes the aid of Beogh against you.
Pain shoots through your body!
You hit the orc priest.
The orc priest is poisoned.
The orc priest is moderately wounded.
The orc priest calls down the wrath of Beogh upon you.
Beogh smites you!
* * * LOW HITPOINT WARNING * * *
You barely miss the orc priest.
The orc priest is heavily wounded.
The orc priest hits you with a +0 club.
* * * LOW HITPOINT WARNING * * *
You hit the orc priest.
The orc priest looks as sick as possible!
You tail-slap the orc priest.
The orc priest is severely wounded.
The orc priest invokes the aid of Beogh against you.
Beogh smites you!
You die...
Kikubaaqudgha rasps: "You have failed me!
Welcome... death!"

#.#..........#
#...
#....#[###...#
.#.#. ###.##.#
...# .....
##....## ##...
###.. #......# .##
#... #......# .
#... #......#
.###...
#......######.####
......>
+......##.@o)..)..
.###..
#......##.###.....
### #.........#
... # #......####
. # #......# #
###....# # ######
# # #


You could see an orc priest (extremely poisoned).

Vanquished Creatures
  Sigmund (D:3)
  A black bear (D:3)
  A kobold brigand (Sewer)
  A necrophage (D:3)
  An orc priest (D:3)
  Jessica (D:2)
  Terence (D:3)
  Natasha (D:2)
  2 river rats
  2 adders (D:2)
  2 dart slugs
  7 orcs
  6 ball pythons
  8 bats
  3 endoplasms (D:1)
  3 giant cockroaches
  5 goblins
  4 hobgoblins
  8 jackals
  4 quokkas
  2 frilled lizards
  6 kobolds
  7 rats
77 creatures vanquished.

Vanquished Creatures (collateral kills)
  An adder (D:3)
  2 jackals (Sewer)
  A kobold (Sewer)
  A bat (D:3)
  2 rats (Sewer)
7 creatures vanquished.

Grand Total: 84 creatures vanquished

Notes
Turn   | Place    | Note
-------+----------+-------------------------------------------
     0 | D:1      | javelincjr the Demonspawn Hedge Wizard began the quest for
                  | the Orb.
     0 | D:1      | Reached XP level 1. HP: 13/13 MP: 4/4
   135 | D:1      | Reached skill level 1 in Translocations
   334 | D:1      | Gained mutation: You have an unusually large brain. (Int
                  | +2) [demonic ancestry]
   334 | D:1      | Reached XP level 2. HP: 18/19 MP: 0/6
  1118 | D:1      | Reached XP level 3. HP: 25/25 MP: 2/7
  1774 | D:2      | Learned a level 2 spell: Call Imp
  1777 | D:2      | Learned a level 2 spell: Blink
  1942 | D:2      | Reached skill level 1 in Fighting
  2084 | D:2      | Reached XP level 4. HP: 32/32 MP: 2/9
  2184 | D:2      | Noticed Natasha
  2210 | D:2      | Killed Natasha
  2309 | D:2      | Found a faded altar of an unknown god.
  2313 | D:2      | Got Plato's Compilation of Production
  2314 | D:2      | Prayed at the altar of an unknown god.
  2314 | D:2      | Became a worshipper of Kikubaaqudgha
  2314 | D:2      | Reached * piety under Kikubaaqudgha
  2314 | D:2      | Received a gift from Kikubaaqudgha
  2566 | D:2      | Noticed Jessica
  2586 | D:2      | Killed Jessica
  2889 | D:3      | Noticed Terence
  2891 | D:3      | Gained mutation: You have an extremely huge brain. (Int +4)
                  | [demonic ancestry]
  2891 | D:3      | Reached XP level 5. HP: 38/38 MP: 1/10
  2931 | D:3      | Killed Terence
  3145 | D:3      | Found a glowing drain.
  3164 | D:3      | Noticed Sigmund
  3172 | Sewer    | Entered a sewer
  3400 | Sewer    | Reached ** piety under Kikubaaqudgha
  3413 | Sewer    | Reached skill level 4 in Spellcasting
  3413 | Sewer    | Gained mutation: You have a small tail. [demonic ancestry]
  3413 | Sewer    | Reached XP level 6. HP: 32/44 MP: 2/12
  3579 | D:3      | Killed Sigmund
  3580 | D:3      | Reached skill level 1 in Necromancy
  3781 | D:3      | Learned a level 3 spell: Vampiric Draining
  3786 | D:3      | Reached XP level 7. HP: 38/51 MP: 4/13
  3982 | D:3      | Killed from afar by an orc priest

Illustrated notes

Levels and vault maps discovered:
D:1:      minmay_arrival_three_doors, layout_loops_ring
D:2:      layout_basic, shapermc_ecumenical_altar_rom_forum, grunt_ministairs_6,
          uniq_natasha, uniq_jessica
D:3:      layout_basic, bloody_makhleb, mainiacjoe_overflow_paths,
          mainiacjoe_overflow_brackets, cheibrodos_sewer_entry_sluice,
          uniq_terence, uniq_sigmund

Skill      XL: |  1  2  3  4  5  6  7 |
---------------+----------------------+-----
Translocations | 1 2 |  2.3
Stealth        | 2 |  2.9
Dodging        | 2 |  2.7
Fighting       | 1 2 3 |  3.0
Summonings     | 2 |  2.5
Spellcasting   | 4 |  4.3
Conjurations   | 2 |  2.3
Necromancy     | 1 2 |  2.2

Action                   |  1- 3 |  4- 6 |  7- 9 || total
-------------------------+-------+-------+-------++-------
Melee: Dagger            |    57 |    37 |    22 ||   116
       Punch             |     1 |       |       ||     1
       Tailslap          |       |     1 |     2 ||     3
 Cast: Magic Dart        |    97 |    54 |    11 ||   162
       Call Imp          |       |     9 |     2 ||    11
       Vampiric Draining |       |     2 |     1 ||     3
       Blink             |       |     1 |       ||     1
 Stab: Sleeping          |       |     1 |       ||     1
Armor: Robe              |    18 |     9 |     2 ||    29
Dodge: Dodged            |    61 |    30 |     7 ||    98
